 Dungeon Crawl Stone Soup version 0.22-a0-322-g60b3cfd (webtiles) character file.

25 Kairos the Skirmisher (level 3, 30/30 HPs)
             Began as a Barachi Fighter on Apr 5, 2018.
             Got out of the dungeon alive.
             The game lasted 00:00:35 (571 turns).

Kairos the Skirmisher (Barachi Fighter)              Turns: 571, Time: 00:00:36

Health: 30/30      AC:  7    Str: 17    XL:     3   Next: 4%
Magic:  3/3        EV:  7    Int:  8    God:
Gold:   20         SH:  9    Dex: 12    Spells: 2/2 levels left

rFire    . . .     SeeInvis .   a - +0 long sword
rCold    . . .     Gourm    .   c - +0 shield
rNeg     . . .     Faith    .   b - +0 scale mail
rPois    .         Spirit   .   (no helmet)
rElec    .         Reflect  .   (no cloak)
rCorr    .         Harm     .   (no gloves)
MR       .....                  (no boots)
Stlth    ..........             (no amulet)
HPRegen  0.10/turn              (no ring)
MPRegen  0.08/turn              (no ring)

@: slow
A: +LOS, swims, slowness 1, strong legs 1
a: Hop


You escaped.
You were not hungry.

You visited 1 branch of the dungeon, and saw 1 of its levels.

You collected 20 gold pieces.

Inventory:

Hand Weapons
 a - a +0 long sword (weapon)
Armour
 b - a +0 scale mail (worn)
 c - a +0 shield (worn)
Scrolls
 g - 2 scrolls of teleportation {unknown}
 h - a scroll of amnesia {unknown}
Potions
 d - a potion of might
 e - a potion of agility {unknown}
Comestibles
 f - 4 rations


   Skills:
 + Level 4.1 Fighting
 + Level 3.1 Long Blades
 + Level 3.9 Armour
 + Level 0.3 Dodging
 + Level 3.4 Shields


You had 2 spell levels left.
You didn't know any spells.

Dungeon Overview and Level Annotations

Branches:
Dungeon (1/15)

Altars:


Innate Abilities, Weirdness & Mutations

Shadows flee at your approach. (+LOS)
You can swim through water.
You cover ground slowly.
You can hop short distances.


Message History

The ooze is severely wounded.
The ooze hits you but does no damage. You block the ooze's attack.
An ooze is nearby!
An ooze is nearby!
You hit the ooze.
You kill the ooze!
You have reached level 3!
Your experience leads to an increase in your attributes!
Increase (S)trength, (I)ntelligence, or (D)exterity?
Uppercase letters only, please.
You feel agile.
Done exploring.
Done exploring.
No target in view!
No target in view!
Done exploring.
You see here a runed short sword.
There is a staircase leading out of the dungeon here.
Are you sure you want to leave the Dungeon?
This will make you lose the game!
You have escaped!

##.# #....# ####....###########.
#.####.##.# #...................
#.........###.......############
#######.....................#
.....(.......###.###.......>#####
#(...#########≈#.#≈##............
#....# ##≈P≈.≈♣≈#####.#.#####
....)# #≈P8P.♣8♣≈# #.#.# # .....#
##≈P.@.♣≈## #...# # .....####
##≈....P≈## ##..# # ........#
#≈.8..P8P≈# #..# # ##......#
##≈....P≈## #..# # #......#
##≈#.#≈## #..# #
#......########.### ##.# #
#......+..........# #.## #
#......##########.# #..# #
#......# #.# #..####


There were no monsters in sight!

Vanquished Creatures
  An ooze (D:1)
  A dart slug (D:1)
  2 giant cockroaches (D:1)
  2 hobgoblins (D:1)
  2 jackals (D:1)
  2 kobolds (D:1)
  3 bats (D:1)
  A frilled lizard (D:1)
  3 rats (D:1)
17 creatures vanquished.

Vanquished Creatures (others)
  4 toadstools (D:1)
4 creatures vanquished.

Grand Total: 21 creatures vanquished

Notes
Turn   | Place    | Note
-------+----------+-------------------------------------------
     0 | D:1      | Kairos the Barachi Fighter began the quest for the Orb.
     0 | D:1      | Reached XP level 1. HP: 18/18 MP: 1/1
   128 | D:1      | Reached XP level 2. HP: 25/25 MP: 2/2
   166 | D:1      | Reached skill level 4 in Fighting
   476 | D:1      | Reached XP level 3. HP: 30/30 MP: 3/3
   571 | D:$      | Got out of the dungeon alive.

Vault maps used:
D:1:      ldierk_walled_garden_2, moated_statue

Skill      XL: |  1  2 |
---------------+-------+-----
Fighting       | 4 |  4.1
Long Blades    | 3 |  3.1
Armour         | |  3.9
Dodging        | |  0.3
Shields        | |  3.4

Action                   || total
-------------------------++-------
Melee: Long sword        ||    63
Armor: Scale mail        ||    39
Dodge: Dodged            ||    19
Block: Shield            ||    33
       Rpst.: Long sword ||     3

Table legend:
 A = Spawn XP
 B = Non-spawn XP
 C = Spawn XP percentage of total XP
 D = Spawn monster count
 E = Non-spawn monster count
 F = Spawn count percentage of total count
 G = Total turns spent on level
                    A         B        C        D         E        F      G
               +---------+---------+-------+---------+---------+-------+---------
         Total |       0 |      36 |   0.0 |       0 |      17 |   0.0 |   571
               +---------+---------+-------+---------+---------+-------+---------
           D:1 |       0 |      36 |   0.0 |       0 |      17 |   0.0 |   571
               +---------+---------+-------+---------+---------+-------+---------
